 Dungeon Crawl Stone Soup version 0.30-a0-335-ge5acde7520 (webtiles) character file.

Game seed: 8002634065850990013

86 twist the Vexing (level 4, -6/34 HPs)
             Began as a Gnoll Hexslinger on Oct 30, 2022.
             Mangled by an orc
             ... wielding a +0 war axe
              (10 damage)
             ... on level 3 of the Dungeon.
             The game lasted 00:02:37 (1632 turns).

twist the Vexing (Gnoll Hexslinger)                 Turns: 1632, Time: 00:02:38

Health: -6/34      AC:  4    Str:  9    XL:     4   Next: 50%
Magic:  8/8        EV: 16    Int: 15    God:
Gold:   172        SH:  0    Dex: 12    Spells: 8/9 levels left

rFire   . . .      SeeInvis .    a - +1 sling
rCold   . . .      Faith    .    (no shield)
rNeg    . . .      Spirit   .    h - +0 leather armour
rPois   .          Reflect  .    (no helmet)
rElec   .          Harm     +    l - scarf {harm}
rCorr   .          Rampage  .    n - +0 pair of gloves
Will    .....                    (no boots)
Stlth   +.........               (no amulet)
HPRegen 0.25/turn                f - +4 ring of evasion
MPRegen 0.11/turn                (no ring)

@: no status effects
A: fangs 1, strong nose, distributed training
a: no special abilities


You were on level 3 of the Dungeon.
You visited 1 branch of the dungeon, and saw 3 of its levels.

You collected 172 gold pieces.

Inventory:

Hand Weapons
 a - a +1 sling (weapon)
 i - a +0 hand axe
Armour
 c - a +0 robe
 h - a +0 leather armour (worn)
 l - a scarf of harm (worn)
 n - a +0 pair of gloves (worn)
Jewellery
 f - a +4 ring of evasion (left hand)
Wands
 p - a wand of quicksilver (13)
Scrolls
 b - a scroll of poison
 d - 2 scrolls of immolation {unknown}
 g - a scroll of vulnerability {unknown}
 j - 4 scrolls of noise {unknown}
 o - 3 scrolls of identify {unknown}
 q - 2 scrolls of enchant weapon {unknown}
Potions
 e - a potion of brilliance {unknown}
 k - 2 potions of curing {unknown}
 m - a potion of haste {unknown}
 r - a potion of berserk rage {unknown}
 s - a potion of cancellation {unknown}
 t - a potion of flight {unknown}
 u - a potion of magic {unknown}


   Skills:
 + Level 2.8 Fighting
 + Level 1.2 Short Blades
 + Level 1.2 Long Blades
 + Level 1.2 Axes
 + Level 1.2 Maces & Flails
 + Level 1.2 Polearms
 + Level 1.2 Staves
 + Level 4.7 Ranged Weapons
 + Level 1.2 Throwing
 + Level 1.2 Armour
 + Level 4.7 Dodging
 + Level 1.2 Stealth
 + Level 1.2 Shields
 + Level 1.2 Unarmed Combat
 + Level 3.0 Spellcasting
 + Level 1.0 Conjurations
 + Level 5.5 Hexes
 + Level 1.0 Summonings
 + Level 1.0 Necromancy
 + Level 1.0 Translocations
 + Level 1.0 Transmutations
 + Level 1.0 Fire Magic
 + Level 1.0 Ice Magic
 + Level 1.0 Air Magic
 + Level 1.0 Earth Magic
 + Level 1.0 Poison Magic
 + Level 1.3 Invocations
 + Level 1.2 Evocations


You had 8 spell levels left.
You knew the following spells:

 Your Spells              Type           Power      Damage    Failure   Level
a - Slow                  Hex            72%        N/A       2%          1

Your spell library contained the following spells:

 Spells                   Type           Power      Damage    Failure   Level
 Inner Flame              Hex/Fire       12%        N/A       22%         3
 Portal Projectile        Hex/Tloc       24%        N/A       22%         3
 Cause Fear               Hex            9%         N/A       28%         4


Dungeon Overview and Level Annotations

Branches:
Dungeon (3/15)

Altars:


Innate Abilities, Weirdness & Mutations

You have very sharp teeth.
Your uncanny sense of smell can sniff out nearby items.
Your experience applies equally to all skills.


Message History

The orc is severely wounded.
The orc misses you. The orc completely misses you.
A goblin comes into view. It is wielding a +0 dagger.
The orc closely misses you. The orc completely misses you.
The goblin moves out of view.
You shoot a sling bullet.
The sling bullet hits the orc but does no damage.
The orc is severely wounded.
The orc closely misses you. x2
You shoot a sling bullet.
The sling bullet hits the orc but does no damage.
The orc is severely wounded.
The orc hits you with a +0 war axe!
* * * LOW HITPOINT WARNING * * *
The orc completely misses you.
You shoot a sling bullet. The sling bullet hits the orc.
The orc is almost dead.
The orc hits you with a +0 war axe!
* * * LOW HITPOINT WARNING * * *
The orc closely misses you.
You are too injured to fight recklessly!
You are too injured to fight recklessly!
You are too injured to fight recklessly!
You are too injured to fight recklessly!
You are too injured to fight recklessly!
You are too injured to fight recklessly!
You are too injured to fight recklessly!
You are too injured to fight recklessly!
You are too injured to fight recklessly!
You are too injured to fight recklessly!
You are too injured to fight recklessly!
Unknown command.
The orc attacks as you move away! The orc hits you with a +0 war axe!
* * * LOW HITPOINT WARNING * * *
The orc completely misses you. The orc attacks as you move away!
The orc hits you with a +0 whip.
* * * LOW HITPOINT WARNING * * *
Unknown command.
The orc attacks as you move away! The orc hits you with a +0 war axe!
You die...

...#..........#...
.#.#.#...######.#+#'
........[######.....
##.#.#..###........† #
#........##....
.####.####.........+....
.........)...###..##....
.#....####........##....
.......@.##..####.##....
...##†##o##..##.........
.......o.........###...
#.(..##g##.........#...
............#.......#...
....#.##...##.#....##.#.
...........<..#....##...
.).#.####.........####.
... #...###.#....# #.


You could see 2 orcs and a goblin.

Vanquished Creatures
  4 adders (D:2)
  A worm (D:2)
  3 orcs (D:3)
  5 ball pythons
  3 bats
  2 endoplasms
  A giant cockroach (D:2)
  3 goblins
  4 hobgoblins
  8 kobolds
  A quokka (D:2)
  2 frilled lizards (D:3)
  4 rats
41 creatures vanquished.

Notes
Turn   | Place    | Note
-------+----------+-------------------------------------------
     0 | D:1      | twist the Gnoll Hexslinger began the quest for the Orb.
     0 | D:1      | Reached XP level 1. HP: 17/17 MP: 4/4
   153 | D:1      | Reached XP level 2. HP: 23/23 MP: 5/5
   721 | D:2      | Reached XP level 3. HP: 18/28 MP: 7/7
   820 | D:2      | Reached skill level 1 in Invocations
   925 | D:2      | Reached skill level 1 in Short Blades
   925 | D:2      | Reached skill level 1 in Long Blades
   925 | D:2      | Reached skill level 1 in Axes
   925 | D:2      | Reached skill level 1 in Maces & Flails
   925 | D:2      | Reached skill level 1 in Polearms
   925 | D:2      | Reached skill level 1 in Staves
   925 | D:2      | Reached skill level 1 in Throwing
   925 | D:2      | Reached skill level 1 in Armour
   925 | D:2      | Reached skill level 1 in Stealth
   925 | D:2      | Reached skill level 1 in Shields
   925 | D:2      | Reached skill level 1 in Unarmed Combat
   925 | D:2      | Reached skill level 1 in Evocations
  1062 | D:2      | Reached XP level 4. HP: 31/34 MP: 8/8
  1457 | D:3      | Reached skill level 1 in Conjurations
  1457 | D:3      | Reached skill level 1 in Summonings
  1457 | D:3      | Reached skill level 1 in Necromancy
  1457 | D:3      | Reached skill level 1 in Translocations
  1457 | D:3      | Reached skill level 1 in Transmutations
  1457 | D:3      | Reached skill level 1 in Fire Magic
  1457 | D:3      | Reached skill level 1 in Ice Magic
  1457 | D:3      | Reached skill level 1 in Air Magic
  1457 | D:3      | Reached skill level 1 in Earth Magic
  1457 | D:3      | Reached skill level 1 in Poison Magic
  1632 | D:3      | Mangled by an orc

Illustrated notes

Levels and vault maps discovered:
D:1:      mrwooster_arrival_arrow, layout_rooms
D:2:      layout_rooms
D:3:      layout_basic, worldfamousw_hep_ancestral_shrine,
          grunt_temple_overflow_cloverleaf, gup_sewer_entry_glass, uniq_natasha

Skill      XL: |  1  2  3  4 |
---------------+-------------+-----
Invocations    | 1 |  1.3
Short Blades   | 1 |  1.2
Long Blades    | 1 |  1.2
Axes           | 1 |  1.2
Maces & Flails | 1 |  1.2
Polearms       | 1 |  1.2
Staves         | 1 |  1.2
Throwing       | 1 |  1.2
Armour         | 1 |  1.2
Stealth        | 1 |  1.2
Shields        | 1 |  1.2
Unarmed Combat | 1 |  1.2
Evocations     | 1 |  1.2
Spellcasting   | 3 |  3.0
Conjurations   | 1 |  1.0
Summonings     | 1 |  1.0
Necromancy     | 1 |  1.0
Translocations | 1 |  1.0
Transmutations | 1 |  1.0
Fire Magic     | 1 |  1.0
Ice Magic      | 1 |  1.0
Air Magic      | 1 |  1.0
Earth Magic    | 1 |  1.0
Poison Magic   | 1 |  1.0
Fighting       | |  2.8
Ranged Weapons | |  4.7
Dodging        | |  4.7
Hexes          | |  5.5

Action                   |  1- 3 |  4- 6 || total
-------------------------+-------+-------++-------
Melee: Hand axe          |    15 |    32 ||    47
       Bite              |     2 |     6 ||     8
       Punch             |       |     1 ||     1
 Fire: Sling             |    75 |    52 ||   127
 Cast: Slow              |     1 |       ||     1
  Use: Scroll            |     1 |       ||     1
Armor: Leather armour    |     3 |    20 ||    23
Dodge: Dodged            |    34 |   101 ||   135

Table legend: (Time is in decaauts)
 A = Elapsed time spent in this place.
 B = Non-inter-level travel time spent in this place.
 C = Inter-level travel time spent in this place.
 D = Time resting spent in this place.
 E = Time spent auto-exploring this place.
 F = Levels seen in this place.
 G = Mean time per level.
                   A        B        C        D        E       F      G
               +--------+--------+--------+--------+--------+-----+--------+
         Total |   1668 |   1546 |    122 |     62 |   1004 |   3 |  556.0 |
       Dungeon |   1668 |   1546 |    122 |     62 |   1004 |   3 |  556.0 |
               +--------+--------+--------+--------+--------+-----+--------+

Top non-repeatable levels by time:
     D:1: 709 daAuts
     D:2: 698 daAuts
     D:3: 260 daAuts
